 Dungeon Crawl Stone Soup version 0.21-a0-207-g4a9efaf (webtiles) character file.

967 Monstered the Cudgeler (level 8, -1/62 HPs)
             Began as a Formicid Fighter on Aug 20, 2017.
             Slain by a killer bee (6 damage)
             ... on level 5 of the Dungeon.
             The game lasted 00:08:21 (7139 turns).

Monstered the Cudgeler (Formicid Fighter)           Turns: 7139, Time: 00:08:22

Health: -1/62      AC: 10    Str: 21    XL:     8   Next: 38%
Magic:  8/8        EV:  8    Int:  8    God:
Gold:   245        SH: 10    Dex: 12    Spells: 7/7 levels left

rFire    + . .     SeeInvis +   a - +0 flail
rCold    . . .     Gourm    .   c - +0 shield
rNeg     . . .     Faith    .   b - +0 scale mail
rPois    .         Spirit   .   (helmet unavailable)
rElec    .         Reflect  .   p - +1 cloak
rCorr    .         Harm     .   (no gloves)
MR       .....                  (no boots)
Stlth    ..........             (no amulet)
HPRegen  0.20/turn              e - ring of protection from fire
MPRegen  0.11/turn              l - +1 ring of protection

@: lethally poisoned (-1 -> -9)
A: permanent stasis, dig shafts and tunnels, four strong arms, antennae 3
a: Dig, Shaft Self


You were on level 5 of the Dungeon.
You were not hungry.

You visited 1 branch of the dungeon, and saw 5 of its levels.

You collected 245 gold pieces.

Inventory:

Hand Weapons
 a - a +0 flail (weapon)
Missiles
 k - 8 needles of paralysis
Armour
 b - a +0 scale mail (worn)
 c - a +0 shield (worn)
 d - the cursed +1 chain mail of Elyvilon's Whim {rC+ Int+2, unknown}
   (You found it on level 5 of the Dungeon)

   It affects your intelligence (+2).
   It protects you from cold.
   It has a curse placed upon it.
 m - a +0 helmet
 p - a +1 cloak (worn)
Jewellery
 e - a ring of protection from fire (left hand)
 l - a +1 ring of protection (right hand)
Wands
 q - a wand of digging (0/24)
Scrolls
 h - 5 scrolls of identify
 i - 3 scrolls of remove curse
 n - a scroll of magic mapping {unknown}
Potions
 g - 3 potions of degeneration
Comestibles
 f - 4 bread rations
 j - a meat ration


   Skills:
 + Level 5.0 Fighting
 * Level 6.1 Maces & Flails
 + Level 5.9 Armour
 + Level 6.1 Shields


You had 7 spell levels left.
You didn't know any spells.

Dungeon Overview and Level Annotations

Branches:
Dungeon (5/15)
 Temple: D:4-7

Altars:
Dithmenos
Elyvilon
Vehumet
Wu Jian


Innate Abilities, Weirdness & Mutations

You cannot be hasted, slowed, berserked, paralysed or teleported.
You can dig through walls and to a lower floor.
Your four strong arms can wield two-handed weapons with a shield.
You have a pair of large antennae on your head. (SInv)


Message History

You feel sick. The killer bee stings you.
You are more poisoned.
The killer bee poisons you! You block the killer bee's attack.
Unknown command.
Unknown command.
You feel sick. The killer bee stings you.
* * * LOW HITPOINT WARNING * * *
You block the killer bee's attack.
Unknown command.
Okay, then.
Unknown command.
Okay, then.
Evoke which item? (* to show all) (? for menu, Esc to quit)
Okay, then.
Okay, then.
Are you sure you want to shaft yourself?
You feel somewhat more hungry.
You feel sick. The killer bee stings you.
* * * LOW HITPOINT WARNING * * *
The killer bee stings you.
You die...

... ..# ...
#.# ###.# ##
#.# ......
#.# #..#.
#.#
.#####...
#.#
...y.{.)#
#.#
#..######@#
#.o.††..y.#
##...#######
#.###.# #.#
#.# #.###.#
#....##
#..### #..#


You could see Blork the orc (wandering) and a killer bee.

Vanquished Creatures
  Eustachio (D:4)
  The ghost of p0werm0de the Skirmisher, an amateur DsAE (D:4)
  A scorpion (D:4)
  4 killer bees (D:5)
  Jessica (D:3)
  Crazy Yiuf (D:2)
  Natasha (thrice) (D:3)
  7 worker ants
  A hound zombie (D:5)
  10 adders
  An ooze (D:5)
  An adder skeleton (D:4)
  2 worms
  A dart slug (D:1)
  3 leopard geckos
  8 orcs
  2 ball pythons
  5 bats
  4 giant cockroaches
  4 goblins
  6 hobgoblins
  5 jackals
  3 quokkas
  A frilled lizard (D:1)
  4 kobolds
  4 rats
84 creatures vanquished.

Notes
Turn   | Place    | Note
-------+----------+-------------------------------------------
     0 | D:1      | Monstered the Formicid Fighter began the quest for the Orb.
     0 | D:1      | Reached XP level 1. HP: 18/18 MP: 1/1
   364 | D:1      | Reached XP level 2. HP: 20/24 MP: 2/2
  1111 | D:2      | Found a white marble altar of Elyvilon.
  1164 | D:2      | Reached XP level 3. HP: 29/29 MP: 3/3
  1283 | D:2      | Found a shadowy altar of Dithmenos.
  1316 | D:2      | Found an ornate altar of the Wu Jian Council.
  1592 | D:2      | Found a faded altar of an unknown god.
  1699 | D:2      | Reached XP level 4. HP: 35/35 MP: 4/4
  2347 | D:3      | Found a runed door.
  2351 | D:3      | Noticed Crazy Yiuf
  2386 | D:3      | Noticed Natasha
  2661 | D:2      | Killed Crazy Yiuf
  2661 | D:2      | Reached XP level 5. HP: 31/41 MP: 3/5
  2676 | D:3      | Killed Natasha
  2704 | D:3      | You fall through a shaft for 2 floors!
  2704 | D:5      | Entered Level 5 of the Dungeon
  3417 | D:4      | Reached XP level 6. HP: 33/48 MP: 6/6
  3579 | D:3      | Noticed Jessica
  3587 | D:3      | Killed Jessica
  3661 | D:3      | Found a radiant altar of Vehumet.
  3663 | D:3      | Noticed Natasha
  3695 | D:3      | Killed Natasha
  4076 | D:3      | Noticed Natasha
  4110 | D:3      | Killed Natasha
  4110 | D:3      | Reached skill level 5 in Shields
  4478 | D:4      | Noticed p0werm0de's ghost (amateur DsAE)
  4490 | D:4      | Killed p0werm0de's ghost
  4490 | D:4      | Reached skill level 5 in Armour
  4490 | D:4      | Reached XP level 7. HP: 50/54 MP: 7/7
  4551 | D:4      | Reached skill level 5 in Maces & Flails
  5303 | D:4      | Noticed Eustachio
  5340 | D:4      | Killed Eustachio
  5437 | D:4      | Reached XP level 8. HP: 38/61 MP: 8/8
  7056 | D:5      | Got a translucent chain mail
  7089 | D:5      | Reached skill level 5 in Fighting
  7139 | D:5      | Slain by a killer bee

Vault maps used:
D:1:      scummos_arrival_hexagon, minmay_misc_feat_room
D:2:      marbit_many_paths, lemuel_round_altar, lemuel_crystal_altar,
          chequers_ecumenical_altar_twisty, minivault_14
D:3:      lemuel_crystal_altar, fountainhead, uniq_jessica,
          uniq_crazy_yiuf_cottage, uniq_natasha
D:4:      uniq_eustachio
D:5:      old_standard_altar, first_bread, uniq_blork_the_orc

Skill      XL: |  1  2  3  4  5  6  7  8 |
---------------+-------------------------+-----
Shields        | 4 5 6 |  6.1
Maces & Flails | 3 4 5 6 |  6.1
Armour         | 4 5 |  5.9
Fighting       | 4 5 |  5.0

Action                   |  1- 3 |  4- 6 |  7- 9 || total
-------------------------+-------+-------+-------++-------
Melee: Flail             |    95 |   168 |   220 ||   483
 Abil: Shaft Self        |       |       |     1 ||     1
  Use: Scroll            |     5 |     2 |     1 ||     8
       Potion            |       |     7 |     3 ||    10
 Stab: Invisible         |       |     1 |       ||     1
  Eat: Chunk             |     2 |     3 |       ||     5
       Bread ration      |     1 |     1 |     2 ||     4
Armor: Scale mail        |    44 |    72 |    95 ||   211
Dodge: Dodged            |    35 |    58 |    86 ||   179
Block: Shield            |    54 |   102 |   148 ||   304
